 Dungeon Crawl Stone Soup version 0.20.1-1-g8b1a95d (webtiles) character file.

345 Jazqa the Skirmisher (level 6, -4/46 HPs)
             Began as a Halfling Fighter on Oct 23, 2017.
             Slain by an ogre
             ... wielding a +0 giant club
              (14 damage)
             ... on level 4 of the Dungeon.
             The game lasted 00:04:19 (2468 turns).

Jazqa the Skirmisher (Halfling Fighter)             Turns: 2468, Time: 00:04:20

Health: -4/46      AC:  6    Str: 17    XL:     6   Next: 89%
Magic:  6/6        EV:  8    Int:  6    God:
Gold:   206        SH: 11    Dex: 22    Spells: 5/5 levels left

rFire    . . .     SeeInvis .   a - +1 rapier
rCold    . . .     Gourm    .   c - +1 shield
rNeg     . . .     Faith    .   b - +0 scale mail
rPois    .         Spirit   .   (no helmet)
rElec    .         Reflect  .   (no cloak)
rCorr    .         Harm     .   (no gloves)
MR       +....                  (no boots)
Stlth    ..........             (no amulet)
Regen    0.2/turn               r - ring of protection from magic
MPRegen  0.1/turn               e - +6 ring of dexterity

@: no status effects
A: mutation resistance 1
a: no special abilities


You were on level 4 of the Dungeon.
You were not hungry.

You visited 1 branch of the dungeon, and saw 4 of its levels.

You collected 206 gold pieces.

Inventory:

Hand Weapons
 a - a +1 rapier (weapon)
Missiles
 q - 3 throwing nets (quivered)
Armour
 b - a +0 scale mail (worn)
 c - a +1 shield (worn)
Jewellery
 d - an uncursed ring of protection from magic
 e - a +6 ring of dexterity (right hand)
 r - a ring of protection from magic (left hand)
 t - an uncursed ring of stealth
 w - an uncursed ring of fire {unknown}
 z - a cursed ring of see invisible {unknown}
Wands
 g - a wand of paralysis (14/24)
Scrolls
 i - a scroll of teleportation {unknown}
 l - 3 scrolls of enchant weapon
Potions
 h - 2 potions of magic {unknown}
 m - a potion of curing
 n - a potion of mutation
 p - a potion of invisibility {unknown}
 s - a potion of heal wounds {unknown}
 v - a potion of haste {unknown}
 x - a potion of agility {unknown}
Comestibles
 f - 3 bread rations
 j - 2 meat rations
 k - 6 chunks of flesh
 o - 4 fruits
 u - a royal jelly


   Skills:
 + Level 6.3 Fighting
 - Level 3.0 Short Blades
 - Level 3.4 Armour
 - Level 3.3 Shields


You had 5 spell levels left.
You didn't know any spells.

Dungeon Overview and Level Annotations

Branches:
Dungeon (4/15)
 Temple: D:4-7

Altars:

Annotations:
D:2 Crazy Yiuf


Innate Abilities, Weirdness & Mutations

You are small and have problems with some larger weapons.
You are somewhat resistant to further mutation.


Message History

The orc hits you but does no damage. The ogre hits you with a giant club!
* * * LOW HITPOINT WARNING * * *
Sorry, you're not good enough to have a special ability.
Sorry, you're not good enough to have a special ability.
You hit the orc.
The orc is almost dead.
The orc hits you with a flail.
* * * LOW HITPOINT WARNING * * *
You hit the orc but do no damage.
The orc is almost dead.
You block the orc's attack.
You hit the orc.
You kill the orc!
You hit the ogre but do no damage.
The ogre is severely wounded.
You block the ogre's attack.
You hit the ogre.
The ogre is almost dead.
The ogre hits you with a giant club!
You die...

#................#
#.#
#................#
#.###
#................#
#...#
#................#
#####..
#................##
##......
##...........<....###
#..#####
##.....##.....##...#
#.##
###########O#####.#
#.# ###
#...@).....###.####..
#.....)...(##.......>
#.................###
#................##
#........[...#..)#
#......<..##.##..####
#.........##.........
#.........###########
#.........# #


You could see an ogre.

Vanquished Creatures
  Sigmund (D:2)
  A howler monkey (D:4)
  A hound (D:4)
  An orc priest (D:4)
  2 adders (D:2)
  An ooze (D:2)
  2 worms
  3 dart slugs (D:1)
  2 leopard geckos
  10 orcs
  A giant cockroach (D:3)
  A hobgoblin (D:3)
  7 jackals
  A quokka (D:4)
  5 bats
  3 frilled lizards
  7 goblins
  A kobold (D:1)
  7 rats
57 creatures vanquished.

Notes
Turn   | Place    | Note
-------+----------+-------------------------------------------
     0 | D:1      | Jazqa the Halfling Fighter began the quest for the Orb.
     0 | D:1      | Reached XP level 1. HP: 15/15 MP: 1/1
   109 | D:1      | Reached XP level 2. HP: 20/20 MP: 2/2
   403 | D:1      | Reached skill level 3 in Fighting
   616 | D:1      | Reached XP level 3. HP: 26/26 MP: 3/3
   850 | D:2      | Reached XP level 4. HP: 32/33 MP: 4/4
  1050 | D:2      | Noticed Sigmund
  1057 | D:2      | Killed Sigmund
  1057 | D:2      | Reached skill level 5 in Fighting
  1057 | D:2      | Reached XP level 5. HP: 29/39 MP: 5/5
  1057 | D:2      | Reached XP level 6. HP: 34/45 MP: 6/6
  1185 | D:2      | Found a runed door.
  1359 | D:2      | Noticed Crazy Yiuf
  2112 | D:4      | Reached skill level 6 in Fighting
  2349 | D:4      | Noticed a two-headed ogre
  2456 | D:4      | Noticed an ogre
  2468 | D:4      | Slain by an ogre

Skill      XL: |  1  2  3  4  5  6 |
---------------+-------------------+-----
Short Blades   | 3 |  3.0
Fighting       | 3 5 6 |  6.3
Armour         | |  3.4
Shields        | |  3.3

Action                   |  1- 3 |  4- 6 || total
-------------------------+-------+-------++-------
Melee: Rapier            |    77 |   110 ||   187
  Use: Potion            |       |     3 ||     3
       Scroll            |       |     9 ||     9
  Eat: Chunk             |       |     5 ||     5
Armor: Scale mail        |    36 |    21 ||    57
Dodge: Dodged            |    23 |    36 ||    59
Block: Shield            |    44 |    46 ||    90
